 Dungeon Crawl Stone Soup version 0.25-a0-435-g4b9beb1024 (webtiles) character file.

Game seed: 15232307194709524012, levelgen mode: deterministic

346 digijack the Grasshopper (level 6, -7/51 HPs)
             Began as a Gnoll Warper on Jan 27, 2020.
             Was an Initiate of Ashenzari.
             Mangled by an ogre
             ... wielding a cursed -2 giant club
              (13 damage)
             ... on level 3 of the Dungeon.
             The game lasted 00:18:29 (3779 turns).

digijack the Grasshopper (Gnoll Warper)             Turns: 3779, Time: 00:18:31

Health: -7/51      AC:  2    Str: 16    XL:     6   Next: 59%
Magic:  14/14      EV: 13    Int: 15    God:    Ashenzari [......]
Gold:   114        SH:  0    Dex: 14    Spells: 3/15 levels left

rFire    . . .     SeeInvis +   (no weapon)
rCold    . . .     Gourm    .   (no shield)
rNeg     . . .     Faith    .   (no armour)
rPois    .         Spirit   .   (no helmet)
rElec    .         Reflect  .   (no cloak)
rCorr    .         Harm     .   j - +1 pair of gloves
MR       .....                  (no boots)
Stlth    +.........             (no amulet)
HPRegen  0.17/turn              g - ring of see invisible (curse)
MPRegen  0.14/turn              (no ring)

@: heavily drained
A: distributed training, fangs 1, strong nose
a: Curse Item, Renounce Religion


You were on level 3 of the Dungeon.
You worshipped Ashenzari.
Ashenzari was noncommittal.
You were not hungry.

You visited 1 branch of the dungeon, and saw 3 of its levels.

You collected 114 gold pieces.

Inventory:

Hand Weapons
 a - a +0 spear
Missiles
 c - 57 stones
 e - 5 boomerangs of dispersal (quivered)
Armour
 b - a +0 leather armour
 h - a +2 hat
 j - a +1 pair of gloves (worn)
Jewellery
 g - a cursed ring of see invisible (left hand)
Wands
 n - a wand of acid (3)
Scrolls
 d - a scroll of blinking
 m - 2 scrolls of teleportation
 o - a scroll of identify
Potions
 k - 2 potions of mutation
Comestibles
 f - 7 rations
 i - a chunk of flesh


   Skills:
 + Level 5.0(3.2) Fighting
 + Level 2.0(0.3) Short Blades
 + Level 2.0(0.3) Long Blades
 + Level 2.0(0.3) Axes
 + Level 2.0(0.3) Maces & Flails
 + Level 5.0(3.2) Polearms
 + Level 2.0(0.3) Staves
 + Level 2.0(0.3) Slings
 + Level 2.0(0.3) Bows
 + Level 2.0(0.3) Crossbows
 + Level 3.2(1.5) Throwing
 + Level 3.2(1.5) Armour
 + Level 5.0(3.2) Dodging
 + Level 2.0(0.3) Stealth
 + Level 2.0(0.3) Shields
 + Level 2.0(0.3) Unarmed Combat
 + Level 5.4(3.5) Spellcasting
 + Level 1.5(0.0) Conjurations
 + Level 1.5(0.0) Hexes
 + Level 1.5(0.0) Charms
 + Level 1.5(0.0) Summonings
 + Level 1.5(0.0) Necromancy
 + Level 5.6(3.8) Translocations
 + Level 1.5(0.0) Transmutations
 + Level 1.5(0.0) Fire Magic
 + Level 1.5(0.0) Ice Magic
 + Level 1.5(0.0) Air Magic
 + Level 1.5(0.0) Earth Magic
 + Level 1.5(0.0) Poison Magic
 + Level 2.2(0.5) Invocations
 + Level 2.0(0.3) Evocations


You had 3 spell levels left.
You knew the following spells:

 Your Spells              Type           Power        Failure   Level  Hunger
a - Blink                 Tloc           N/A          6%          2    ##.....
b - Gell's Gravitas       Tloc           ##........   12%         3    ###....
c - Shroud of Golubria    Chrm/Tloc      #.....       13%         2    ##.....
d - Teleport Other        Tloc           ##......     12%         3    ###....
e - Call Imp              Summ           #.......     28%         2    ##.....

Your spell library contained the following spells:

 Spells                   Type           Power        Failure   Level  Hunger
 Lesser Beckoning         Tloc           ##........   12%         3    ###....
 Magic Dart               Conj           #...         19%         1    None
 Slow                     Hex            #.......     28%         2    ##.....
 Conjure Flame            Conj/Fire      #.......     50%         3    ###....
 Mephitic Cloud           Conj/Pois/Air  #.......     50%         3    ###....
 Passage of Golubria      Tloc           N/A          36%         4    ####...


Dungeon Overview and Level Annotations

Branches:
Dungeon (3/15)

Altars:
Ashenzari
Qazlal
Yredelemnul


Innate Abilities, Weirdness & Mutations

Your experience applies equally to all skills.
You have very sharp teeth.
Your uncanny sense of smell can sniff out nearby items.


Message History

The orc hits you but does no damage.
Keep disrobing?
You start removing your armour.
You continue taking off your +2 hat.
The ogre hits you with a cursed -2 giant club!
The orc hits you but does no damage.
You continue taking off your +2 hat.
The ogre completely misses you. The orc closely misses you.
You continue taking off your +2 hat.
The ogre hits you with a cursed -2 giant club!
You continue taking off your +2 hat.
The orc hits you with a +0 flail.
* * * LOW HITPOINT WARNING * * *
You finish taking off your +2 hat.
The ogre closely misses you. The orc hits you with a +0 flail.
Keep disrobing?
* * * LOW HITPOINT WARNING * * *
You start removing your armour.
You continue taking off your +1 pair of gloves.
The ogre hits you with a cursed -2 giant club!
You die...

.... #......
...........z #......
...(.........#####......
.............'..........
...........#########..
......... #.. #.lw###
######.. ∆ #.Oo#
#...##.. #@# #...####
#.# #...#
######.#########...####
.......>........'.......
#################.......
#....... #.......
#....... ######.#


You could see an ogre, a dart slug, an orc and a frilled lizard.

Vanquished Creatures
  4 wights (D:3)
  An orc wizard (D:1)
  4 adders
  An ooze (D:1)
  4 worms
  A dart slug (D:2)
  2 leopard geckos (D:3)
  3 orcs
  2 ball pythons
  3 giant cockroaches
  8 hobgoblins
  4 jackals (D:2)
  10 kobolds
  2 quokkas
  14 bats
  5 frilled lizards
  15 goblins
  3 rats
  A spectral orc (D:3)
87 creatures vanquished.

Vanquished Creatures (collateral kills)
  A kobold (D:3)
1 creature vanquished.

Grand Total: 88 creatures vanquished

Notes
Turn   | Place    | Note
-------+----------+-------------------------------------------
     0 | D:1      | digijack the Gnoll Warper began the quest for the Orb.
     0 | D:1      | Reached XP level 1. HP: 20/20 MP: 6/6
   255 | D:1      | Reached XP level 2. HP: 26/26 MP: 7/7
   422 | D:1      | Found a shattered altar of Ashenzari.
   429 | D:1      | Became a worshipper of Ashenzari the Shackled
   861 | D:1      | Reached XP level 3. HP: 31/31 MP: 9/9
   970 | D:1      | Reached skill level 5 in Spellcasting
   977 | D:1      | Learned a level 2 spell: Blink
   981 | D:1      | Learned a level 3 spell: Gell's Gravitas
   984 | D:1      | Learned a level 2 spell: Shroud of Golubria
   988 | D:1      | Learned a level 3 spell: Teleport Other
  1107 | D:1      | Reached skill level 1 in Invocations
  1124 | D:1      | Reached skill level 1 in Short Blades
  1124 | D:1      | Reached skill level 1 in Long Blades
  1124 | D:1      | Reached skill level 1 in Axes
  1124 | D:1      | Reached skill level 1 in Maces & Flails
  1124 | D:1      | Reached skill level 1 in Staves
  1124 | D:1      | Reached skill level 1 in Slings
  1124 | D:1      | Reached skill level 1 in Bows
  1124 | D:1      | Reached skill level 1 in Crossbows
  1124 | D:1      | Reached skill level 1 in Stealth
  1124 | D:1      | Reached skill level 1 in Shields
  1124 | D:1      | Reached skill level 1 in Unarmed Combat
  1124 | D:1      | Reached skill level 1 in Evocations
  1124 | D:1      | Reached XP level 4. HP: 12/38 MP: 4/11
  1379 | D:2      | Found a stormy altar of Qazlal.
  1624 | D:2      | Reached skill level 1 in Conjurations
  1624 | D:2      | Reached skill level 1 in Hexes
  1624 | D:2      | Reached skill level 1 in Charms
  1624 | D:2      | Reached skill level 1 in Summonings
  1624 | D:2      | Reached skill level 1 in Necromancy
  1624 | D:2      | Reached skill level 1 in Transmutations
  1624 | D:2      | Reached skill level 1 in Fire Magic
  1624 | D:2      | Reached skill level 1 in Ice Magic
  1624 | D:2      | Reached skill level 1 in Air Magic
  1624 | D:2      | Reached skill level 1 in Earth Magic
  1624 | D:2      | Reached skill level 1 in Poison Magic
  2240 | D:3      | Reached XP level 5. HP: 39/43 MP: 12/12
  2929 | D:3      | Learned a level 2 spell: Call Imp
  3018 | D:3      | Reached XP level 6. HP: 13/50 MP: 1/13
  3020 | D:3      | HP: 2/50 [wight/+0 spear (5)]
  3366 | D:3      | Reached skill level 5 in Fighting
  3366 | D:3      | Reached skill level 5 in Polearms
  3366 | D:3      | Reached skill level 5 in Dodging
  3643 | D:3      | Found a basalt altar of Yredelemnul.
  3779 | D:3      | Mangled by an ogre

Levels and vault maps discovered:
D:1:      dpeg_arrival_shelter, layout_basic, nicolae_ashenzari_panopticon
D:2:      cheibrodos_old_hovel, layout_basic, nicolae_overflow_crystal_walls,
          first_ration, st_stairs_7
D:3:      layout_basic, yredelemnul_forgotten_temple_becter,
          hangedman_abyss_or_decor_lesser_grid, minmay_quantized

Skill      XL: |  1  2  3  4  5  6 |
---------------+-------------------+-----
Spellcasting   | 5 |  5.4
Invocations    | 1 2 |  2.2
Short Blades   | 1 2 |  2.0
Long Blades    | 1 2 |  2.0
Axes           | 1 2 |  2.0
Maces & Flails | 1 2 |  2.0
Staves         | 1 2 |  2.0
Slings         | 1 2 |  2.0
Bows           | 1 2 |  2.0
Crossbows      | 1 2 |  2.0
Stealth        | 1 2 |  2.0
Shields        | 1 2 |  2.0
Unarmed Combat | 1 2 |  2.0
Evocations     | 1 2 |  2.0
Conjurations   | 1 |  1.5
Hexes          | 1 |  1.5
Charms         | 1 |  1.5
Summonings     | 1 |  1.5
Necromancy     | 1 |  1.5
Transmutations | 1 |  1.5
Fire Magic     | 1 |  1.5
Ice Magic      | 1 |  1.5
Air Magic      | 1 |  1.5
Earth Magic    | 1 |  1.5
Poison Magic   | 1 |  1.5
Throwing       | 3 |  3.2
Armour         | 3 |  3.2
Fighting       | 5 |  5.0
Polearms       | 5 |  5.0
Dodging        | 5 |  5.0
Translocations | |  5.6

Action                   |  1- 3 |  4- 6 || total
-------------------------+-------+-------++-------
Melee: Spear             |    93 |   301 ||   394
       Bite              |     6 |    22 ||    28
       Punch             |       |     5 ||     5
 Cast: Shroud of Golubri |     2 |     7 ||     9
       Blink             |     1 |     3 ||     4
       Gell's Gravitas   |       |     7 ||     7
       Call Imp          |       |     3 ||     3
  Use: Scroll            |     1 |     5 ||     6
       Potion            |       |     3 ||     3
 Stab: Sleeping          |     1 |     5 ||     6
       Distracted        |       |     1 ||     1
  Eat: Chunk             |       |     8 ||     8
       Ration            |       |     1 ||     1
Armor: Leather armour    |    15 |    81 ||    96
       Skin              |       |     1 ||     1
Dodge: Dodged            |    52 |   228 ||   280

Table legend:
 A = Non-vault XP
 B = Vault XP
 C = Vault XP percentage of total XP
 D = Non-vault monster count
 E = Vault monster count
 F = Vault count percentage of total count
                 A         B        C        D         E       F
            +---------+---------+-------+---------+---------+-------
      Total |     481 |      14 |   2.8 |      80 |       8 |   9.1
            +---------+---------+-------+---------+---------+-------
        D:1 |      87 |       0 |   0.0 |      24 |       0 |   0.0
        D:2 |      64 |       7 |   9.9 |      27 |       4 |  12.9
        D:3 |     330 |       7 |   2.1 |      29 |       4 |  12.1
            +---------+---------+-------+---------+---------+-------
